[ AOE2 MATCH · #461245271 ]
UnrankedPersians vs Cumans
Player's team · LOSS
Rival team · WIN
[ REPLAY ANALYSIS · EXTRACTED FROM THE RECORDED GAME ]
Feudal
—
Castle
—
Imperial
—
| APM avg | 20.2 |
| APM peak | 45 |
| eAPM avg | 10.9 |
| Villagers / military | 23 / 0 |
Focus
⚔️ 8.3% · 🌾 91.7%
Fishing Ship ×4
Feudal
10:08
Castle
—
Imperial
—
| APM avg | 29.6 |
| APM peak | 64 |
| eAPM avg | 8.6 |
| Villagers / military | 21 / 2 |
Focus
⚔️ 24.1% · 🌾 75.9%
Archer ×1 · Spearman ×1 · Fishing Ship ×1
Match map
Initial resources + every placement click. Lines = walls · curves = elevation contours. ◆ gold · ⬟ stone · ● berries · ✦ relic · ◌ wall gap
Your base· Open — unwalled flank
vinualec's base· Open — unwalled flank
Smoothed initial terrain · ◌ = detected wall gap · hover for details
Inputs per minute
— NIRVANA - - vinualec
Build order — NIRVANA
45 actions detected in the replay
| 0:02 | Create | Villager (Male) ×5 |
| 0:04 | Build | House |
| 0:06 | Build | House |
| 1:50 | Create | Villager (Male) |
| 2:37 | Create | Villager (Male) |
| 2:38 | Create | Villager (Male) |
| 3:00 | Create | Villager (Male) |
| 3:01 | Create | Villager (Male) |
| 3:22 | Build | Lumber Camp |
| 3:53 | Create | Villager (Male) |
| 3:54 | Create | Villager (Male) |
| 3:54 | Create | Villager (Male) |
| 4:47 | Build | House |
| 4:51 | Build | House |
| 5:40 | Create | Villager (Male) |
| 5:40 | Create | Villager (Male) |
| 6:06 | Build | Dock |
| 6:16 | Create | Villager (Male) |
| 6:26 | Build | Mill |
| 6:43 | Create | Villager (Male) |
| 6:48 | Build | House |
| 7:07 | Create | Villager (Male) |
| 7:22 | Create | Villager (Male) |
| 7:24 | Create | Fishing Ship |
| 7:25 | Create | Fishing Ship |
| 8:29 | Create | Villager (Male) |
| 8:29 | Create | Villager (Male) |
| 8:41 | Create | Fishing Ship |
| 8:59 | Build | Mining Camp |
| 9:04 | Create | Villager (Male) |
| 9:07 | Create | Villager (Male) |
| 9:10 | Create | Fishing Ship |
| 9:54 | Build | Lumber Camp |
| 10:20 | Research | Feudal Age |
| 10:36 | Build | Palisade Wall |
| 10:42 | Build | Palisade Wall |
| 10:45 | Build | Palisade Wall |
| 10:46 | Build | Palisade Wall |
| 11:07 | Build | Barracks |
| 11:15 | Build | Palisade Wall |
| 11:26 | Build | Farm |
| 11:27 | Build | Farm |
| 11:29 | Build | Farm |
| 11:41 | Build | Farm |
| 12:12 | Build | Palisade Wall |
Build order — vinualec
37 actions detected in the replay
| 0:04 | Build | House |
| 0:08 | Build | House |
| 1:10 | Create | Villager (Male) |
| 1:10 | Create | Villager (Male) |
| 1:11 | Create | Villager (Male) |
| 1:11 | Create | Villager (Male) |
| 1:11 | Create | Villager (Male) |
| 1:51 | Create | Villager (Male) |
| 1:51 | Create | Villager (Male) |
| 3:13 | Build | Lumber Camp |
| 3:26 | Create | Villager (Male) |
| 3:27 | Create | Villager (Male) |
| 3:27 | Create | Villager (Male) |
| 3:27 | Create | Villager (Male) |
| 4:31 | Create | Villager (Male) |
| 4:31 | Create | Villager (Male) |
| 4:31 | Create | Villager (Male) |
| 6:12 | Build | Dock |
| 6:25 | Create | Villager (Male) |
| 6:26 | Create | Villager (Male) |
| 6:26 | Create | Villager (Male) |
| 6:34 | Build | House |
| 6:42 | Build | House |
| 6:53 | Research | Loom |
| 7:37 | Create | Fishing Ship |
| 7:54 | Create | Villager (Male) |
| 7:58 | Research | Feudal Age |
| 10:08 | Age | Feudal Age |
| 10:14 | Build | Barracks |
| 10:53 | Build | Archery Range |
| 10:57 | Create | Spearman |
| 10:59 | Create | Villager (Male) |
| 10:59 | Create | Villager (Male) |
| 11:28 | Build | Archery Range |
| 11:36 | Create | Villager (Male) |
| 11:51 | Build | House |
| 12:05 | Create | Archer |
Match timeline
| 6:06 | NIRVANA · first_building Dock |
| 6:12 | vinualec · first_building Dock |
| 10:08 | vinualec · age_up feudal |
| 10:14 | vinualec · first_building Barracks |
| 10:36 | NIRVANA · wall_segment Palisade Wall x2 |
| 10:42 | NIRVANA · wall_segment Palisade Wall x7 |
| 10:45 | NIRVANA · wall_segment Palisade Wall x1 |
| 10:46 | NIRVANA · wall_segment Palisade Wall x1 |
| 10:53 | vinualec · first_building Archery Range |
| 11:07 | NIRVANA · first_building Barracks |
| 11:15 | NIRVANA · wall_segment Palisade Wall x8 |
| 12:12 | NIRVANA · wall_segment Palisade Wall x8 |
| 12:20 | NIRVANA · resign |
[ AI ANALYSIS · 1 CREDIT ]
What really happened in this match?
Wolo.gg analyzes every decision: build order, eco, micro, common mistakes by bracket. Personalized analysis on WhatsApp or Discord in 30 seconds.
Civ guide
Persians
Perfil
Jugador #3025922